 Dungeon Crawl Stone Soup version 0.14.0-15-g6b16f67 (webtiles) character file.

194 Heini the Covered (level 5, 0/46 HPs)
             Began as a Hill Orc Fighter on Apr 18, 2014.
             Slain by a gnoll
             ... wielding a +0,+0 whip
              (3 damage)
             ... on Level 3 of the Dungeon.
             The game lasted 00:04:47 (1717 turns).

Heini the Covered (Hill Orc Fighter)                Turns: 1717, Time: 00:04:47

HP   0/46        AC  7     Str 20      XL: 5   Next: 18%
MP   5/5         EV  6     Int  8      God:
Gold 59          SH 19     Dex 10      Spells:  0 memorised,  4 levels left

rFire  . . .     SeeInvis .     a - +0 war axe
rCold  . . .     Clarity  .     b - +0 scale mail
rNeg   . . .     Conserve .     c - +0 shield
rPois  .         rCorr    .     (no helmet)
rElec  .         rRot     .     (no cloak)
SustAb . .       Spirit   .     (no gloves)
rMut   .         Warding  .     (no boots)
Saprov + . .     Stasis   .     (no amulet)
MR     .....                    (no ring)
                                (no ring)

@: not resistant to hostile enchantments, extremely unstealthy
A: saprovore 1
a: no special abilities


You were on level 3 of the Dungeon.
You were not hungry.

You visited 1 branch of the dungeon, and saw 3 of its levels.

You collected 59 gold pieces.

Inventory:

Hand weapons
 a - a +0,+0 war axe (weapon)
Missiles
 v - 24 stones (quivered)
Armour
 b - a +0 scale mail (worn)
 c - a +0 shield (worn)
Magical devices
 q - a wand of fireball (4) {unknown}
 w - a wand of magic darts (12)
Comestibles
 d - 2 meat rations
 h - a pear
 s - 2 bread rations
 z - a chunk of hobgoblin flesh
 A - a chunk of bat flesh
 B - 13 grapes
 C - 4 chunks of orc flesh
Scrolls
 f - a scroll of noise {unknown}
 j - 2 scrolls of enchant weapon II {unknown}
 k - 4 scrolls of teleportation {unknown}
 m - a scroll of immolation {unknown}
 n - 3 scrolls of identify {unknown}
 o - 3 scrolls of remove curse {unknown}
 u - 2 scrolls of enchant armour {unknown}
Jewellery
 l - an uncursed amulet of resist corrosion {unknown}
 t - an uncursed ring of fire {unknown}
 x - an uncursed ring of protection from magic {unknown}
Potions
 e - a potion of might
 g - 2 potions of heal wounds {unknown}
 i - a potion of agility {unknown}
 p - 3 potions of curing {unknown}
 r - a potion of invisibility {unknown}


   Skills:
 + Level 4.2 Fighting
 + Level 3.2 Axes
 + Level 4.6 Armour
 + Level 0.8 Dodging
 + Level 4.3 Shields


You had 4 spell levels left.
You didn't know any spells.

Dungeon Overview and Level Annotations

Branches:
Dungeon (3/15)

Altars:
Kikubaaqudgha
Zin


Innate Abilities, Weirdness & Mutations

You can tolerate rotten meat.


Message History

You hit the gnoll but do no damage. The gnoll hits you with a spear.
You block the gnoll's attack. x2
You hit the gnoll but do no damage. You barely miss the gnoll.
The gnoll is severely wounded.
You block the gnoll's attack. The gnoll barely misses you.
The gnoll barely misses you.
You hit the gnoll but do no damage.
The gnoll is severely wounded.
You closely miss the gnoll. The gnoll hits you with a spear.
The gnoll barely misses you.
You barely miss the gnoll.
The gnoll is severely wounded.
You hit the gnoll but do no damage. The gnoll hits you with a spear!
* * * LOW HITPOINT WARNING * * *
The gnoll hits you with a whip!
* * * LOW HITPOINT WARNING * * *
You slash the gnoll!
You kill the gnoll!
You barely miss the gnoll. The gnoll hits you with a whip.
You die...

... #.# ##### #.# #(..#
..# #...# #.# #...# # #.#
#...##.#### #.# #.#
#..)##.....
####...#)#######...#######
........g@...............>
###########.#############.
#.# #. #.. #. #### ##


You could see a gnoll.

Vanquished Creatures
  Jessica (D:3)
  2 gnolls (D:3)
  4 adders
  2 worms (D:2)
  An orc (D:3)
  2 giant cockroaches
  6 goblins
  5 hobgoblins
  3 oozes
  A ball python (D:1)
  8 bats
  3 giant geckos (D:1)
  A giant newt (D:1)
  5 kobolds
  5 rats
49 creatures vanquished.

Vanquished Creatures (others)
  A human (D:2)
1 creature vanquished.

Grand Total: 50 creatures vanquished

Notes
Turn   | Place    | Note
--------------------------------------------------------------
     0 | D:1      | Heini, the Hill Orc Fighter, began the quest for the Orb.
     0 | D:1      | Reached XP level 1. HP: 19/19 MP: 1/1
    82 | D:1      | Reached XP level 2. HP: 22/27 MP: 2/2
   563 | D:2      | Reached skill level 4 in Fighting
   563 | D:2      | Reached XP level 3. HP: 18/33 MP: 3/3
   993 | D:2      | Found an ancient bone altar of Kikubaaqudgha.
   993 | D:2      | Noticed a human
   997 | D:2      | Killed a human
  1004 | D:2      | Found a glowing silver altar of Zin.
  1218 | D:2      | Reached XP level 4. HP: 32/40 MP: 4/4
  1469 | D:3      | Noticed Jessica
  1475 | D:3      | Killed Jessica
  1700 | D:3      | Reached XP level 5. HP: 39/46 MP: 5/5
  1717 | D:3      | Slain by a gnoll

Action                   |  1- 3 |  4- 6 || total
-------------------------+-------+-------++-------
Melee: War axe           |   115 |    73 ||   188
